Map: Submarine LE

Players

Astrea - Winner!

  • Race: Protoss Protoss
  • League: Master
  • Spawn Location: 11:00

Neeb

  • Race: Protoss Protoss
  • Spawn Location: 5:00

Event: DreamHack SC2 Masters 2020 Winter

VOD

Have the link to the VOD?

Description

Time

  • Played on: Nov. 8, 2020, 6:54 p.m.
  • Length: 4:44

All games in this series

Show
View Real Time Build Order
Export as new Build Order

Astrea Protoss - Winner!

Build Orders:  

Get SALT Encoding   

  12  0:00  Probe  
  13  0:12  Probe  
  14  0:24  Probe  
  15  0:30  Pylon  
  15  0:48  Gateway  
  15  0:50  Gateway  
  15  0:56  Forge  
  15  1:13  Pylon  
  15  1:24  Pylon  
  15  1:32  Photon Cannon  
  15  1:35  Zealot x2 (Chrono Boost)  
  19  1:43  Pylon  
  19  1:59  Zealot (Chrono Boost)  
  19  2:01  Zealot (Chrono Boost)  
  23  2:09  Photon Cannon  
  23  2:12  Photon Cannon  
  22  2:25  Probe  
  22  2:29  Zealot (Chrono Boost)  
  27  2:33  Zealot (Chrono Boost)  
  27  2:38  Probe  
  28  2:51  Assimilator, Probe  
  29  2:57  Pylon  
  29  3:01  Zealot  
  29  3:04  Pylon  
  31  3:15  Probe  
  32  3:22  Photon Cannon  
  30  3:27  Photon Cannon  
  31  3:36  Photon Cannon  
  30  3:42  Probe  
  31  3:51  Pylon  
  31  3:54  Probe  
  32  4:06  Probe  
  29  4:19  Probe  
  29  4:20  Cybernetics Core  
  29  4:22  Assimilator  
  28  4:31  Probe  
  28  4:32  Pylon  
  27  4:41  Pylon  
Show
View Real Time Build Order
Export as new Build Order

Neeb Protoss 

Build Orders:  

Get SALT Encoding   

  12  0:00  Probe  
  13  0:12  Probe  
  14  0:16  Pylon  
  14  0:24  Probe (Chrono Boost)  
  15  0:36  Gateway, Probe (Chrono Boost)  
  16  0:44  Probe (Chrono Boost)  
  16  0:45  Assimilator  
  17  0:50  Probe  
  17  0:54  Assimilator  
  18  1:03  Probe (Chrono Boost)  
  19  1:08  Gateway  
  19  1:17  Forge  
  19  1:27  Zealot  
  19  1:28  Cybernetics Core  
  21  1:33  Pylon  
  21  1:51  Photon Cannon  
  21  2:00  Photon Cannon  
  21  2:03  Zealot (Chrono Boost)  
  22  2:09  Photon Cannon  
  22  2:20  Probe  
  23  2:24  Cybernetics Core  
  23  2:34  Pylon  
  23  2:42  Pylon  
  23  2:54  Photon Cannon  
  23  3:06  Robotics Facility  
  22  3:19  Probe  
  24  3:43  Pylon  
  23  3:57  Pylon  
  23  4:02  Immortal (Chrono Boost)  
Tags
 
Add a new tag
Caveats
  • Supply blocks, unpowered buildings, or Contaminate may cause inaccurate times.
  • Supply counts are checked every 10 seconds.